AoeStats
← GOGRICHANIN

Arena

510365207Analyzed
1v1 RM · 1d ago on Sep 30, 2026· 38m 24s· 2 players
Game mode
Random Map
Map size
Tiny (2 player)
Population
200
Speed
Normal
Resources
Standard
Victory
Conquest
Starting age
Dark Age
Ending age
Imperial Age
RankedLock teamsTeams togetherTeam positionsShared explorationLock speedFull tech treeHidden civsTurbo modeCheats
Victory
Defeat
🇩🇪 Persians · Germany
1032
+15
🇰🇿 Ethiopians · Kazakhstan
1009
-15
GOGRICHANIN
9:46 Feudal Age
11:37 Horse Collar
17:05 Wheelbarrow
18:39 Gold Mining
21:12 Castle Age
19:21 Padded Archer Armor
20:23 Forging
20:11 Fletching
22:20 Double-Bit Axe
22:13 Crossbowman
22:49 Bodkin Arrow
23:07 Heavy Plow
23:30 Leather Archer Armor
28:57 Gold Shaft Mining
30:03 Light Cavalry
34:43 Imperial Age
32:54 Husbandry
33:31 Iron Casting
33:36 Scale Barding Armor
33:54 Ballistics
34:19 Scale Mail Armor
35:09 Hand Cart
35:31 Arbalester
36:13 Bracer
36:44 Ring Archer Armor
37:48 Blast Furnace
37:09 Chain Barding Armor
37:02 Hussar
38:15 Thumb Ring
37:48 Halberdier
andreasbauer3
10:03 Feudal Age
11:29 Loom
12:09 Loom
15:02 Castle Age
13:20 Double-Bit Axe
17:57 Wheelbarrow
18:34 Town Watch
19:02 Horse Collar
19:42 Bow Saw
21:10 Elite Skirmisher
21:46 Gold Mining
22:29 Heavy Plow
24:20 Hand Cart
26:38 Forging
26:21 Fletching
26:31 Padded Archer Armor
29:36 Imperial Age
27:02 Stone Mining
27:15 Elite Skirmisher
28:44 Gold Shaft Mining
28:47 Stone Shaft Mining
28:25 Scale Barding Armor
28:36 Forging
28:58 Leather Archer Armor
29:42 Bloodlines
29:56 Bodkin Arrow
30:46 Chain Barding Armor
31:35 Husbandry
33:21 Two-Man Saw
34:03 Chemistry
33:24 Ballistics
33:15 Masonry
33:52 Iron Casting
33:49 Conscription
33:06 Cavalier
34:46 Ring Archer Armor
34:58 Plate Barding Armor
34:44 Devotion
35:35 Savar
36:38 Thumb Ring
38:11 Architecture
37:36 Murder Holes
38:46 Blast Furnace
37:47 Scale Mail Armor
39:36 Hoardings
Connection lost

Rejoining the realm…

Still unreachable

The connection could not be restored.

Session expired

The server has moved on; the page needs a fresh start.